 Dungeon Crawl Stone Soup version 0.30.1-4-g462c640d31 (webtiles) character file.

Game seed: 5221027392475182724

151 Kraken2834 the Chopper (level 5, -1/47 HPs)
             Began as a Minotaur Berserker on Sept 3, 2023.
             Was a Believer of Trog.
             Succumbed to an orc wizard's poison
             ... on level 3 of the Dungeon.
             The game lasted 00:05:15 (2129 turns).

Kraken2834 the Chopper (Minotaur Berserker)         Turns: 2129, Time: 00:05:16

Health: -1/47      AC:  6    Str: 24    XL:     5   Next: 11%
Magic:  4/4        EV: 13    Int:  4    God:    Trog [**....]
Gold:   176        SH:  0    Dex: 15    Spells: 4/4 levels left

rFire   . . .        a - +0 hand axe
rCold   . . .        (no shield)
rNeg    . . .        b - +0 animal skin
rPois   .            (helmet restricted)
rElec   .            (no cloak)
rCorr   .            (no gloves)
SInv    .            (no boots)
Will    .....        (no amulet)
Stlth   +            f - +4 ring of protection
HPRegen 0.27/turn    i - +6 ring of dexterity
MPRegen 0.09/turn

%: no passive effects
@: confused, lethally poisoned (-1 -> -22), on berserk cooldown, slowed, very
slow
A: horns 2, retaliatory headbutt
a: Renounce Religion, Berserk, Trog's Hand


You were on level 3 of the Dungeon.
You worshipped Trog.
Trog was pleased with you.
You visited 1 branch of the dungeon, and saw 3 of its levels.

You collected 176 gold pieces.

Inventory:

Hand Weapons
 a - a +0 hand axe (weapon)
Armour
 b - a +0 animal skin (worn)
Jewellery
 f - a +4 ring of protection (left hand)
 i - a +6 ring of dexterity (right hand)
 l - an amulet of regeneration
Scrolls
 g - 2 scrolls of teleportation
 j - a scroll of enchant weapon {unknown}
 n - a scroll of torment {unknown}
Potions
 c - a potion of might {unknown}
 d - a potion of flight {unknown}
 e - a potion of lignification {unknown}
 h - 2 potions of curing {unknown}
 k - a potion of haste {unknown}
 m - a potion of brilliance {unknown}


   Skills:
 + Level 4.9 Fighting
 + Level 5.5 Axes
 + Level 3.0 Armour
 + Level 2.8 Dodging


You had 4 spell levels left.
You didn't know any spells.
Your spell library was empty.

Dungeon Overview and Level Annotations

Branches:
Dungeon (3/15)

Altars:


Innate Abilities, Weirdness & Mutations

You have a pair of horns on your head.
You reflexively headbutt those who attack you in melee.


Message History

Okay, then.
You miss the orc priest. You punch the orc priest.
The orc priest is heavily wounded.
You hit the endoplasm. You closely miss the orc wizard.
The orc wizard hits you with a +2 dagger of venom.
You are poisoned.
The orc priest begins to cast a cantrip, but forgets the words!
The endoplasm hits you. The orc wizard misses you.
The orc priest calls upon Beogh to heal the orc wizard.
The orc wizard's wounds heal themselves!
The endoplasm closely misses you.
You bump into the rock wall.
You feel very sick.
The orc wizard gestures at you while chanting.
The puff of flame hits you. The orc priest hits you with a +0 club.
The endoplasm freezes you.
You are frozen.
Unknown command.
You hit the orc wizard.
The orc wizard is moderately wounded.
You miss the orc priest. You slash the endoplasm!
You kill the endoplasm!
Trog accepts your kill.
You feel very sick.
The orc wizard hits you but does no damage.
The orc priest hits you but does no damage.
The orc wizard hits you but does no damage.
You are more poisoned.
The orc priest calls upon Beogh to heal the orc wizard.
The orc wizard's wounds heal themselves!
You bump into the rock wall.
* * * LOW HITPOINT WARNING * * *
You feel very sick.
The orc wizard hits you with a +2 dagger of venom.
* * * LOW HITPOINT WARNING * * *
You are more poisoned.
The orc priest misses you.
You are too confused!
You bump into the rock wall.
You die...

#.# #.# #.# ... ##.##
##...## #.....# #.oo#
#@# #.# #.# #.# #.#
##)## #.# # ##...## #.#
.# ##....)## #.###.###
#.......## #.......
#.........####...#.###
.'.........'...........


You could see an orc priest and an orc wizard.

Vanquished Creatures
  3 gnolls
  4 adders
  A worm (D:2)
  5 dart slugs (D:1)
  3 orcs (D:3)
  6 ball pythons
  5 bats
  6 endoplasms
  4 giant cockroaches
  8 goblins
  4 hobgoblins
  6 kobolds
  3 quokkas
  5 frilled lizards
  7 rats
70 creatures vanquished.

Notes
Turn   | Place    | Note
-------+----------+-------------------------------------------
     0 | D:1      | Kraken2834 the Minotaur Berserker began the quest for the
                  | Orb.
     0 | D:1      | Reached XP level 1. HP: 19/19 MP: 0/0
    80 | D:1      | Reached skill level 4 in Axes
    80 | D:1      | Reached XP level 2. HP: 25/27 MP: 1/1
   247 | D:1      | Reached XP level 3. HP: 24/33 MP: 2/2
   457 | D:1      | Reached ** piety under Trog
   738 | D:2      | Found a faded altar of an unknown god.
   752 | D:2      | Reached XP level 4. HP: 41/41 MP: 3/3
   908 | D:2      | Reached skill level 5 in Axes
  1143 | D:2      | HP: 2/41 [poisoned by a gnoll]
  1467 | D:2      | HP: 2/41 [poisoned by a gnoll]
  2053 | D:3      | Reached XP level 5. HP: 47/47 MP: 4/4
  2129 | D:3      | Succumbed to an orc wizard's poison

Illustrated notes

Levels and vault maps discovered:
D:1:      minmay_arrival_solitary_statue, layout_basic, minmay_indecisive_spiral
D:2:      layout_rooms, chequers_ecumenical_altar_simple
D:3:      layout_loops_corners

Skill      XL: |  1  2  3  4 |
---------------+-------------+-----
Axes           | 4 5 |  5.5
Fighting       | 4 |  4.9
Armour         | 3 |  3.0
Dodging        | |  2.8

Action                     |  1- 3 |  4- 6 || total
---------------------------+-------+-------++-------
  Melee: Hand axe          |    81 |    66 ||   147
         Headbutt          |    12 |     8 ||    20
         Punch             |       |     1 ||     1
 Invoke: Berserk           |       |     1 ||     1
    Use: Scroll            |       |     2 ||     2
   Stab: Sleeping          |       |     2 ||     2
 Armour: Animal skin       |    15 |    23 ||    38
  Dodge: Dodged            |    50 |    49 ||    99
